Carnivores vs Demolitions
Created - December 8, 2019 at 21:40
Goals
|
| Carnivores |
1 |
1 |
2 |
4 |
| Demolitions |
0 |
1 |
4 |
5 |
|
Shots
|
| Carnivores |
17 |
7 |
15 |
39 |
| Demolitions |
5 |
10 |
14 |
29 |
|
1st period
1. Carnivores , Curtis Lazar 3 (Joel Armia 7, Nicolas Kerdiles 4) at 5:11
Penalties :
No Penalty
2nd period
2. Carnivores , Jeremy Welsh 10 (Anton Gustafsson 14) at 8:25
3. Demolitions , Joshua Leivo 7 (J.T. Brown 15, Andrej Nestrasil 7) at 10:26
Penalties :
Joshua Leivo (Vic) for Holding (Minor) at 12:31, Mat Clark (Bre) for Hooking (Minor) at 17:47
3rd period
4. Demolitions , Lane MacDermid 9 (Spencer Machacek 17, Colton Gillies 15) at 1:20
5. Demolitions , Nick Pryor 1 (Robert Bortuzzo 6, Spencer Machacek 18) at 7:42
6. Carnivores , Chris Lawrence 6 (Mat Clark 10) at 7:51
7. Carnivores , Blake Geoffrion 18 (Chris Lawrence 20, Tony DeAngelo 6) at 8:35
8. Demolitions , Lane MacDermid 10 (Spencer Machacek 19, Jonathan Blum 16) at 15:52
9. Demolitions , Lane MacDermid 11 (Spencer Machacek 20, Colton Gillies 16) at 17:00 (PP)
Penalties :
Andrej Nestrasil (Vic) for Tripping (Minor) at 8:57, Mat Clark (Bre) for Goalie Interference (Minor) at 16:29, Jonathan Blum (Vic) for Boarding (Minor) at 18:16
Goalie Stats
Niklas Svedberg (Bre), 24 saves from 29 shots - (0.828), L, 6-6-1, 59:56 minutes
Antti Raanta (Vic), 35 saves from 39 shots - (0.897), W, 7-1-0, 60:00 minutes
Players Stats for Carnivores
Player Name G A P +/- PIM S H SB GA TA FO MP PP MP PK MP
------------------------------------------------------------------------------------
Andreas Englund 0 0 0 0 0 0 0 1 0 0 0/0 12:41 0:00 1:02
Anton Gustafsson 0 1 1 -1 0 5 1 1 0 0 5/13 17:10 2:48 0:25
Blake Geoffrion 1 0 1 1 0 4 3 1 1 0 1/1 20:38 2:53 0:00
Chris Lawrence 1 1 2 1 0 4 0 1 1 0 2/5 22:03 2:48 1:31
Curtis Lazar 1 0 1 0 0 1 1 0 1 0 2/6 11:45 0:00 0:27
David Fischer 0 0 0 1 0 2 0 1 0 0 0/0 20:57 2:12 1:25
Hunter Shinkaruk 0 0 0 0 0 0 1 0 1 0 0/1 9:23 0:00 0:34
Jeremy Welsh 1 0 1 -1 0 4 4 1 0 1 0/0 16:45 2:48 0:00
Joel Armia 0 1 1 0 0 5 4 0 0 0 0/1 14:12 2:53 0:00
Lucas Wallmark 0 0 0 0 0 0 3 0 0 0 3/4 8:49 0:00 0:00
Mark McNeill 0 0 0 -1 0 0 3 0 0 0 0/1 14:22 0:00 0:25
Markus Granlund 0 0 0 1 0 4 1 1 0 0 19/35 20:45 2:53 0:07
Mat Clark 0 1 1 -1 4 0 2 1 1 1 0/0 26:05 3:29 0:00
Mattias Backman 0 0 0 0 0 1 1 2 0 0 0/0 11:54 0:00 0:03
Nicolas Kerdiles 0 1 1 0 0 2 0 0 0 0 0/0 12:49 0:00 1:31
Oskar Lindblom 0 0 0 0 0 0 0 0 0 0 0/0 0:00 0:00 0:00
Riley Barber 0 0 0 0 0 1 1 0 0 0 0/0 8:49 0:00 0:00
T.J Brodie 0 0 0 1 0 2 1 1 2 0 0/0 20:57 2:12 1:25
Tony DeAngelo 0 1 1 -1 0 4 0 1 0 2 0/0 27:24 3:29 1:05
Trevor Van Riemsdyk 0 0 0 0 0 0 0 0 0 0 0/0 0:00 0:00 0:00
Players Stats for Demolitions
Player Name G A P +/- PIM S H SB GA TA FO MP PP MP PK MP
------------------------------------------------------------------------------------
Aaron Palushaj 0 0 0 0 0 0 0 0 0 0 0/0 7:20 0:00 0:00
Alex Hutchings 0 0 0 0 0 1 3 0 0 1 0/0 8:53 0:00 1:32
Andrej Nestrasil 0 1 1 1 2 1 0 0 2 0 8/14 15:25 0:57 0:00
Colton Gillies 0 2 2 0 0 1 2 0 0 0 13/30 20:54 1:27 1:11
Colton Sceviour 0 0 0 0 0 0 0 0 0 0 0/0 0:00 0:00 0:00
J.T. Brown 0 1 1 1 0 1 4 1 1 1 0/0 17:55 0:57 1:11
Jake Muzzin 0 0 0 -1 0 1 1 5 0 1 0/0 25:43 1:12 3:10
Jared Staal 0 0 0 -1 0 0 1 1 0 0 0/1 11:18 0:00 0:00
Jonathan Blum 0 1 1 -2 2 5 2 0 1 2 0/0 28:56 1:12 2:28
Joshua Leivo 1 0 1 1 2 3 0 0 0 0 0/0 16:43 0:57 0:00
Lane MacDermid 3 0 3 0 0 6 2 1 0 0 0/2 21:46 1:33 2:50
Michael Bunting 0 0 0 0 0 0 0 0 0 0 0/0 1:26 0:00 1:26
Michael Prapavessis 0 0 0 -1 0 0 0 0 0 0 0/0 3:56 0:00 0:00
Mitch Callahan 0 0 0 0 0 0 0 0 0 0 0/0 0:32 0:06 0:00
Nick Pryor 1 0 1 1 0 1 0 1 0 0 0/0 10:58 0:00 0:42
Nick Shore 0 0 0 0 0 1 0 0 0 0 3/3 7:20 0:00 0:00
Nikita Tryamkin 0 0 0 1 0 1 2 1 0 0 0/0 20:05 1:18 2:31
Phil Di Giuseppe 0 0 0 -1 0 0 2 0 0 1 0/0 11:18 0:00 0:00
Phil McRae 0 0 0 -1 0 3 0 0 0 1 6/10 11:18 0:00 0:00
Robert Bortuzzo 0 1 1 1 0 1 0 3 0 0 0/0 20:05 1:18 2:31
Ryan Olsen 0 0 0 0 0 0 0 0 0 0 0/0 0:15 0:00 0:14
Spencer Machacek 0 4 4 0 0 2 2 0 0 0 5/7 21:54 1:33 2:58
Taylor Aronson 0 0 0 1 0 1 0 1 0 0 0/0 10:16 0:00 0:00
Taylor Leier 0 0 0 0 0 0 0 0 0 0 0/0 0:00 0:00 0:00
Thomas DiPauli 0 0 0 0 0 0 0 0 0 0 0/0 0:00 0:00 0:00
3 Stars
1 - Lane MacDermid (Vic)
2 - Spencer Machacek (Vic)
3 - Chris Lawrence (Bre)
Power Play
Carnivores - 0 on 3 Attempt(s) - 0.00%
Demolitions - 1 on 2 Attempt(s) - 50.00%
Penalty Kill
Carnivores - 1 on 2 Attempt(s) - 50.00%
- Score 0 goal in Penalty Kill
Demolitions - 3 on 3 Attempt(s) - 100.00%
- Score 0 goal in Penalty Kill
Team Stat
Carnivores - Hits : 26 - Faceoff Wins : 32 - Blocked Shots : 12 - Penalty Minutes : 4
Demolitions - Hits : 21 - Faceoff Wins : 35 - Blocked Shots : 14 - Penalty Minutes : 6
Official
Referees : Unknown
Linesman : Unknown
Game Notes
Lane MacDermid has scored a Hat Trick!
Finance
Level 1 -- Attendance: 1537 (76.85%) -- Ticket Income $39,962
Level 2 -- Attendance: 701 (70.10%) -- Ticket Income $6,309
Total Attendance: 2238 (74.60%)
Total Ticket Income: $46,271
Other Income: $2,314
Total Income: $48,585
Carnivores
5 vs 5 Forward
Center Left Wing Right Wing Time % Phy DF OF
1 Markus Granlund Blake Geoffrion Chris Lawrence 40 1 2 2
2 Anton Gustafsson Jeremy Welsh Mark McNeill 30 1 2 2
3 Curtis Lazar Nicolas Kerdiles Joel Armia 20 1 2 2
4 Lucas Wallmark Hunter Shinkaruk Riley Barber 10 1 2 2
5 vs 5 Defense
Defense Defense Time % Phy DF OF
1 Mat Clark Tony DeAngelo 40 1 2 2
2 David Fischer T.J Brodie 30 1 2 2
3 Andreas Englund Mattias Backman 20 1 2 2
4 Mat Clark Tony DeAngelo 10 1 2 2
PowerPlay Forward
Center Left Wing Right Wing Time % Phy DF OF
1 Markus Granlund Blake Geoffrion Joel Armia 60 1 1 3
2 Anton Gustafsson Jeremy Welsh Chris Lawrence 40 1 1 3
PowerPlay Defense
Defense Defense Time % Phy DF OF
1 Mat Clark Tony DeAngelo 60 1 1 3
2 David Fischer T.J Brodie 40 1 1 3
Penalty Kill 4 Players Forward
Center Wing Time % Phy DF OF
1 Chris Lawrence Nicolas Kerdiles 60 1 2 2
2 Anton Gustafsson Mark McNeill 40 1 2 2
Penalty Kill 4 Players Defense
Defense Defense Time % Phy DF OF
1 David Fischer T.J Brodie 60 1 3 1
2 Mat Clark Tony DeAngelo 40 1 3 1
Penalty Kill - 3 Players Forward
Forward Time % Phy DF OF
1 Anton Gustafsson 60 1 2 2
2 Chris Lawrence 40 1 2 2
Penalty Kill - 3 Players Defense
Defense Defense Time % Phy DF OF
1 David Fischer Mattias Backman 60 1 3 1
2 Andreas Englund T.J Brodie 40 1 3 1
4 vs 4 Forward
Center Wing Time % Phy DF OF
1 Anton Gustafsson Chris Lawrence 60 1 2 2
2 Markus Granlund Blake Geoffrion 40 1 2 2
4 vs 4 Defense
Defense Defense Time % Phy DF OF
1 David Fischer Mattias Backman 60 1 2 2
2 T.J Brodie Trevor Van Riemsdyk 40 1 2 2
Last Minutes Offensive
Center Left Wing Right Wing Defense Defense
Anton Gustafsson Blake Geoffrion Chris Lawrence David Fischer Mattias Backman
Last Minutes Defensive
Center Left Wing Right Wing Defense Defense
Anton Gustafsson Blake Geoffrion Chris Lawrence David Fischer Mattias Backman
Goaltenders
Starting : Niklas Svedberg
Backup : Tristan Jarry
Extra Forwards
Normal : Oskar Lindblom, Mark McNeill, Curtis Lazar - PP : Oskar Lindblom, Mark McNeill - PK : Curtis Lazar
Extra Defensemen
Normal : Trevor Van Riemsdyk, Tony DeAngelo, Andreas Englund - PP : Trevor Van Riemsdyk - PK : Tony DeAngelo, Andreas Englund
Penalty Shots
Blake Geoffrion, Chris Lawrence, Anton Gustafsson, Jeremy Welsh, Markus Granlund
Scratches
Adam Almquist (Healthy), Stanislav Galiev (Healthy), Mark MacMillan (Healthy), Tyler Graovac (Healthy), Troy Bourke (Healthy)
Alexandre Mallet (Healthy), Josh Wesley (Healthy), Linus Ullmark (Healthy)
Demolitions
5 vs 5 Forward
Center Left Wing Right Wing Time % Phy DF OF
1 Colton Gillies Lane MacDermid Spencer Machacek 40 1 2 2
2 Andrej Nestrasil Joshua Leivo J.T. Brown 30 1 2 2
3 Phil McRae Phil Di Giuseppe Jared Staal 20 1 2 2
4 Nick Shore Alex Hutchings Aaron Palushaj 10 1 2 2
5 vs 5 Defense
Defense Defense Time % Phy DF OF
1 Jonathan Blum Jake Muzzin 40 1 2 2
2 Robert Bortuzzo Nikita Tryamkin 30 1 2 2
3 Taylor Aronson Nick Pryor 20 1 2 2
4 Michael Prapavessis Jonathan Blum 10 1 2 2
PowerPlay Forward
Center Left Wing Right Wing Time % Phy DF OF
1 Colton Gillies Lane MacDermid Spencer Machacek 60 1 2 2
2 Andrej Nestrasil Joshua Leivo J.T. Brown 40 1 2 2
PowerPlay Defense
Defense Defense Time % Phy DF OF
1 Jonathan Blum Jake Muzzin 60 1 2 2
2 Robert Bortuzzo Nikita Tryamkin 40 1 2 2
Penalty Kill 4 Players Forward
Center Wing Time % Phy DF OF
1 Spencer Machacek Lane MacDermid 60 1 2 2
2 J.T. Brown Colton Gillies 40 1 2 2
Penalty Kill 4 Players Defense
Defense Defense Time % Phy DF OF
1 Jonathan Blum Jake Muzzin 60 1 2 2
2 Robert Bortuzzo Nikita Tryamkin 40 1 2 2
Penalty Kill - 3 Players Forward
Forward Time % Phy DF OF
1 Spencer Machacek 60 1 2 2
2 Lane MacDermid 40 1 2 2
Penalty Kill - 3 Players Defense
Defense Defense Time % Phy DF OF
1 Jonathan Blum Jake Muzzin 60 1 2 2
2 Robert Bortuzzo Nikita Tryamkin 40 1 2 2
4 vs 4 Forward
Center Wing Time % Phy DF OF
1 Spencer Machacek Lane MacDermid 60 1 2 2
2 J.T. Brown Colton Gillies 40 1 2 2
4 vs 4 Defense
Defense Defense Time % Phy DF OF
1 Jonathan Blum Jake Muzzin 60 1 2 2
2 Robert Bortuzzo Nikita Tryamkin 40 1 2 2
Last Minutes Offensive
Center Left Wing Right Wing Defense Defense
Colton Gillies Lane MacDermid Spencer Machacek Jonathan Blum Jake Muzzin
Last Minutes Defensive
Center Left Wing Right Wing Defense Defense
Colton Gillies Lane MacDermid Spencer Machacek Jonathan Blum Jake Muzzin
Goaltenders
Starting : Antti Raanta
Backup : Brandon Halverson
Extra Forwards
Normal : Mitch Callahan, Colton Sceviour, Michael Bunting - PP : Mitch Callahan, Colton Sceviour - PK : Michael Bunting
Extra Defensemen
Normal : Taylor Aronson, Nick Pryor, Michael Prapavessis - PP : Taylor Aronson - PK : Nick Pryor, Michael Prapavessis
Penalty Shots
Spencer Machacek, Lane MacDermid, J.T. Brown, Colton Gillies, Andrej Nestrasil
Scratches
Daultan Leveillé (Healthy), Jaedon Descheneau (Healthy), Jake Paterson (Healthy), Francois Tremblay (Healthy)
% Time on Ice - Carnivores
Lines # - Real PCT - Wanted PCT - Time Play
Normal Forward
1 - 34% - 40% - 17:45
2 - 27% - 30% - 13:57
3 - 22% - 20% - 11:18
4 - 17% - 10% - 8:49
Normal Defense
1 - 38% - 40% - 19:29
2 - 34% - 30% - 17:32
3 - 22% - 20% - 11:39
4 - 6% - 10% - 3:09
PP Forward
1 - 51% - 60% - 2:53
2 - 49% - 40% - 2:48
PP Defense
1 - 61% - 60% - 3:29
2 - 39% - 40% - 2:12
PK Forward
1 - 83% - 60% - 2:05
2 - 17% - 40% - 0:25
PK Defense
1 - 57% - 60% - 1:25
2 - 43% - 40% - 1:05
PK3 Forward
1 - 0% - 60%
2 - 0% - 40%
PK3 Defense
1 - 0% - 60%
2 - 0% - 40%
44 Forward
1 - 0% - 60%
2 - 0% - 40%
44 Defense
1 - 0% - 60%
2 - 0% - 40%
Last Minute Offensive - 0:00
Last Minute Defensive - 0:00
Total
Forward - 60:00
Defense - 60:00
|
% Time on Ice - Demolitions
Lines # - Real PCT - Wanted PCT - Time Play
Normal Forward
1 - 34% - 40% - 17:24
2 - 30% - 30% - 15:47
3 - 22% - 20% - 11:18
4 - 14% - 10% - 7:20
Normal Defense
1 - 41% - 40% - 21:21
2 - 31% - 30% - 16:16
3 - 20% - 20% - 10:16
4 - 8% - 10% - 3:56
PP Forward
1 - 62% - 60% - 1:33
2 - 38% - 40% - 0:57
PP Defense
1 - 48% - 60% - 1:12
2 - 52% - 40% - 1:18
PK Forward
1 - 79% - 60% - 4:30
2 - 21% - 40% - 1:11
PK Defense
1 - 56% - 60% - 3:10
2 - 44% - 40% - 2:31
PK3 Forward
1 - 0% - 60%
2 - 0% - 40%
PK3 Defense
1 - 0% - 60%
2 - 0% - 40%
44 Forward
1 - 0% - 60%
2 - 0% - 40%
44 Defense
1 - 0% - 60%
2 - 0% - 40%
Last Minute Offensive - 0:00
Last Minute Defensive - 0:00
Total
Forward - 60:00
Defense - 60:00
|
Play-by-Play
1st period
0:01 of 1st period - Colton Gillies wins face-off versus Markus Granlund in neutral zone.
0:26 of 1st period - Tony DeAngelo is hit by Jonathan Blum and loses puck.
1:30 of 1st period - Slapshot by Colton Gillies.
1:30 of 1st period - Stopped by Niklas Svedberg without a rebound.
1:31 of 1st period - Colton Gillies wins face-off versus Mark McNeill in Carnivores zone.
1:36 of 1st period - Wrist shot by Lane MacDermid.
1:36 of 1st period - Shot Blocked by Anton Gustafsson.
1:39 of 1st period - Icing by Mat Clark.
1:40 of 1st period - Andrej Nestrasil wins face-off versus Anton Gustafsson in Carnivores zone.
1:48 of 1st period - Off-side.
1:49 of 1st period - Markus Granlund wins face-off versus Andrej Nestrasil in neutral zone.
2:14 of 1st period - Andreas Englund is hit by Lane MacDermid and loses puck.
2:29 of 1st period - Jonathan Blum is hit by Joel Armia and loses puck.
2:45 of 1st period - Wrist shot by Anton Gustafsson.
2:45 of 1st period - Shot Misses the Net.
2:47 of 1st period - Wrist shot by Tony DeAngelo.
2:47 of 1st period - Stopped by Antti Raanta without a rebound.
2:48 of 1st period - Blake Geoffrion wins face-off versus Andrej Nestrasil in Demolitions zone.
3:00 of 1st period - Off-side.
3:01 of 1st period - Markus Granlund wins face-off versus Lane MacDermid in neutral zone.
3:34 of 1st period - Snap shot by Anton Gustafsson.
3:34 of 1st period - Shot Blocked by Jared Staal.
3:36 of 1st period - Slapshot by Anton Gustafsson.
3:36 of 1st period - Stopped by Antti Raanta with a rebound.
4:54 of 1st period - Phil McRae is hit by T.J Brodie and loses puck.
4:59 of 1st period - Slapshot by Curtis Lazar.
4:59 of 1st period - Shot Misses the Net.
5:01 of 1st period - Slapshot by T.J Brodie.
5:01 of 1st period - Shot Blocked by Nikita Tryamkin.
5:11 of 1st period - Snap shot by Curtis Lazar.
5:11 of 1st period - Goal by Curtis Lazar - Carnivores : 1 - Demolitions : 0.
5:12 of 1st period - Andrej Nestrasil wins face-off versus Markus Granlund in neutral zone.
5:21 of 1st period - Off-side.
5:22 of 1st period - Andrej Nestrasil wins face-off versus Markus Granlund in neutral zone.
5:29 of 1st period - Slapshot by Andrej Nestrasil.
5:29 of 1st period - Shot Misses the Net.
5:31 of 1st period - Snap shot by Andrej Nestrasil.
5:31 of 1st period - Deflect By Joshua Leivo.
5:31 of 1st period - Shot Misses the Net.
5:31 of 1st period - Puck is out of play.
5:32 of 1st period - Markus Granlund wins face-off versus Colton Gillies in Carnivores zone.
5:34 of 1st period - Icing by Blake Geoffrion.
5:35 of 1st period - Colton Gillies wins face-off versus Markus Granlund in Carnivores zone.
6:55 of 1st period - Snap shot by Colton Gillies.
6:55 of 1st period - Shot Blocked by Mattias Backman.
6:57 of 1st period - Snap shot by Lane MacDermid.
6:57 of 1st period - Stopped by Niklas Svedberg with a rebound.
7:17 of 1st period - Snap shot by Joel Armia.
7:17 of 1st period - Shot Blocked by Jake Muzzin.
7:28 of 1st period - Icing by Andreas Englund.
7:29 of 1st period - Andrej Nestrasil wins face-off versus Curtis Lazar in Carnivores zone.
7:42 of 1st period - Joshua Leivo is hit by Joel Armia and loses puck.
8:00 of 1st period - Mattias Backman is hit by J.T. Brown and loses puck.
8:22 of 1st period - Backhand shot by J.T. Brown.
8:22 of 1st period - Stopped by Niklas Svedberg with a rebound.
8:30 of 1st period - Wrist shot by Joel Armia.
8:30 of 1st period - Shot Misses the Net.
8:32 of 1st period - Wrist shot by Joel Armia.
8:32 of 1st period - Stopped by Antti Raanta with a rebound.
8:34 of 1st period - Snap shot by Mattias Backman.
8:34 of 1st period - Shot Blocked by J.T. Brown.
8:36 of 1st period - Slapshot by Mattias Backman.
8:36 of 1st period - Stopped by Antti Raanta without a rebound.
8:37 of 1st period - Markus Granlund wins face-off versus Phil McRae in Demolitions zone.
8:44 of 1st period - Snap shot by Markus Granlund.
8:44 of 1st period - Shot Misses the Net.
8:48 of 1st period - Wrist shot by Blake Geoffrion.
8:48 of 1st period - Deflect By Markus Granlund.
8:48 of 1st period - Stopped by Antti Raanta with a rebound.
8:50 of 1st period - Snap shot by Chris Lawrence.
8:50 of 1st period - Stopped by Antti Raanta with a rebound.
9:02 of 1st period - Nikita Tryamkin is hit by Mark McNeill.
10:14 of 1st period - Aaron Palushaj is hit by Jeremy Welsh and loses puck.
10:27 of 1st period - Snap shot by Riley Barber.
10:27 of 1st period - Stopped by Antti Raanta without a rebound.
10:28 of 1st period - Colton Gillies wins face-off versus Lucas Wallmark in Demolitions zone.
11:06 of 1st period - Lane MacDermid is hit by Jeremy Welsh and loses puck.
11:19 of 1st period - Slapshot by Markus Granlund.
11:19 of 1st period - Stopped by Antti Raanta without a rebound.
11:20 of 1st period - Markus Granlund wins face-off versus Andrej Nestrasil in Demolitions zone.
11:45 of 1st period - Phil McRae is hit by Mat Clark and loses puck.
11:50 of 1st period - Slapshot by Anton Gustafsson.
11:50 of 1st period - Stopped by Antti Raanta with a rebound.
11:56 of 1st period - Wrist shot by Jeremy Welsh.
11:56 of 1st period - Shot Blocked by Robert Bortuzzo.
12:10 of 1st period - Andreas Englund is hit by Nikita Tryamkin and loses puck.
12:54 of 1st period - Snap shot by Nicolas Kerdiles.
12:54 of 1st period - Stopped by Antti Raanta without a rebound.
12:55 of 1st period - Phil McRae wins face-off versus Markus Granlund in Demolitions zone.
12:55 of 1st period - Phil McRae is hit by Blake Geoffrion.
13:05 of 1st period - Wrist shot by Phil McRae.
13:05 of 1st period - Shot Misses the Net.
13:25 of 1st period - Tony DeAngelo is hit by J.T. Brown and loses puck.
14:00 of 1st period - Snap shot by J.T. Brown.
14:00 of 1st period - Shot Misses the Net.
14:28 of 1st period - Slapshot by Blake Geoffrion.
14:28 of 1st period - Stopped by Antti Raanta with a rebound.
14:30 of 1st period - Snap shot by Markus Granlund.
14:30 of 1st period - Shot Misses the Net.
14:32 of 1st period - Slapshot by Mat Clark.
14:32 of 1st period - Shot Misses the Net.
14:34 of 1st period - Snap shot by Markus Granlund.
14:34 of 1st period - Shot Misses the Net.
14:36 of 1st period - Wrist shot by Blake Geoffrion.
14:36 of 1st period - Stopped by Antti Raanta without a rebound.
14:37 of 1st period - Colton Gillies wins face-off versus Anton Gustafsson in Demolitions zone.
14:44 of 1st period - T.J Brodie is hit by Lane MacDermid and loses puck.
14:49 of 1st period - Slapshot by Lane MacDermid.
14:49 of 1st period - Shot Misses the Net.
15:05 of 1st period - Icing by David Fischer.
15:06 of 1st period - Nick Shore wins face-off versus Anton Gustafsson in Carnivores zone.
15:07 of 1st period - Slapshot by Taylor Aronson.
15:07 of 1st period - Stopped by Niklas Svedberg with a rebound.
15:13 of 1st period - Snap shot by Nick Shore.
15:13 of 1st period - Stopped by Niklas Svedberg without a rebound.
15:14 of 1st period - Lucas Wallmark wins face-off versus Colton Gillies in Carnivores zone.
15:39 of 1st period - Lane MacDermid is hit by Curtis Lazar and loses puck.
15:52 of 1st period - Wrist shot by Lane MacDermid.
15:52 of 1st period - Deflect By Spencer Machacek.
15:52 of 1st period - Shot Blocked by David Fischer.
15:52 of 1st period - Puck is out of play.
15:53 of 1st period - Phil McRae wins face-off versus Anton Gustafsson in Carnivores zone.
16:04 of 1st period - Snap shot by Phil Di Giuseppe.
16:04 of 1st period - Shot Misses the Net.
16:18 of 1st period - Lucas Wallmark is hit by J.T. Brown and loses puck.
16:47 of 1st period - Snap shot by Chris Lawrence.
16:47 of 1st period - Stopped by Antti Raanta with a rebound.
16:49 of 1st period - Slapshot by Markus Granlund.
16:49 of 1st period - Shot Blocked by Robert Bortuzzo.
17:03 of 1st period - Snap shot by Joel Armia.
17:03 of 1st period - Stopped by Antti Raanta with a rebound.
17:34 of 1st period - Wrist shot by Anton Gustafsson.
17:34 of 1st period - Stopped by Antti Raanta with a rebound.
18:06 of 1st period - Snap shot by Lane MacDermid.
18:06 of 1st period - Shot Misses the Net.
18:12 of 1st period - Slapshot by Spencer Machacek.
18:12 of 1st period - Shot Blocked by Andreas Englund.
18:50 of 1st period - Snap shot by Jeremy Welsh.
18:50 of 1st period - Stopped by Antti Raanta with a rebound.
19:12 of 1st period - Wrist shot by Spencer Machacek.
19:12 of 1st period - Shot Misses the Net.
Goals for this period are 1 for Carnivores vs 0 for Demolitions.
Shots for this period are 17 for Carnivores vs 5 for Demolitions.
2nd period
0:01 of 2nd period - Markus Granlund wins face-off versus Spencer Machacek in neutral zone.
0:04 of 2nd period - Wrist shot by Blake Geoffrion.
0:04 of 2nd period - Shot Misses the Net.
0:42 of 2nd period - Wrist shot by Markus Granlund.
0:42 of 2nd period - Stopped by Antti Raanta without a rebound.
0:43 of 2nd period - Andrej Nestrasil wins face-off versus Anton Gustafsson in Demolitions zone.
0:52 of 2nd period - Snap shot by Andrej Nestrasil.
0:52 of 2nd period - Stopped by Niklas Svedberg with a rebound.
0:54 of 2nd period - Snap shot by J.T. Brown.
0:54 of 2nd period - Shot Misses the Net.
0:56 of 2nd period - Snap shot by Jonathan Blum.
0:56 of 2nd period - Deflect By Joshua Leivo.
0:56 of 2nd period - Stopped by Niklas Svedberg without a rebound.
0:57 of 2nd period - Anton Gustafsson wins face-off versus Colton Gillies in Carnivores zone.
2:08 of 2nd period - Wrist shot by Aaron Palushaj.
2:08 of 2nd period - Shot Misses the Net.
2:26 of 2nd period - Jeremy Welsh is hit by Spencer Machacek and loses puck.
2:53 of 2nd period - Andrej Nestrasil is hit by Blake Geoffrion and loses puck.
3:04 of 2nd period - Nick Pryor is hit by Joel Armia and loses puck.
3:23 of 2nd period - T.J Brodie is hit by Alex Hutchings and loses puck.
4:28 of 2nd period - Wrist shot by Phil McRae.
4:28 of 2nd period - Shot Misses the Net.
4:52 of 2nd period - Aaron Palushaj is hit by Jeremy Welsh and loses puck.
5:01 of 2nd period - Snap shot by Jeremy Welsh.
5:01 of 2nd period - Stopped by Antti Raanta with a rebound.
5:08 of 2nd period - Icing by Nick Shore.
5:09 of 2nd period - Nick Shore wins face-off versus Hunter Shinkaruk in Demolitions zone.
5:25 of 2nd period - Slapshot by Spencer Machacek.
5:25 of 2nd period - Shot Misses the Net.
5:41 of 2nd period - Andrej Nestrasil is hit by Markus Granlund.
5:55 of 2nd period - Mark McNeill is hit by Phil Di Giuseppe and loses puck.
6:00 of 2nd period - Wrist shot by Phil McRae.
6:00 of 2nd period - Stopped by Niklas Svedberg without a rebound.
6:01 of 2nd period - Phil McRae wins face-off versus Anton Gustafsson in Carnivores zone.
6:02 of 2nd period - Slapshot by Jonathan Blum.
6:02 of 2nd period - Stopped by Niklas Svedberg with a rebound.
6:12 of 2nd period - Phil McRae is hit by Mark McNeill.
6:23 of 2nd period - Snap shot by Phil McRae.
6:23 of 2nd period - Stopped by Niklas Svedberg without a rebound.
6:24 of 2nd period - Colton Gillies wins face-off versus Markus Granlund in Carnivores zone.
7:34 of 2nd period - Tony DeAngelo is hit by Alex Hutchings.
7:38 of 2nd period - Slapshot by Mat Clark.
7:38 of 2nd period - Shot Misses the Net.
7:40 of 2nd period - Slapshot by Tony DeAngelo.
7:40 of 2nd period - Shot Misses the Net.
7:42 of 2nd period - Slapshot by Lucas Wallmark.
7:42 of 2nd period - Shot Blocked by Nick Pryor.
8:17 of 2nd period - Snap shot by Jeremy Welsh.
8:17 of 2nd period - Stopped by Antti Raanta without a rebound.
8:18 of 2nd period - Anton Gustafsson wins face-off versus Colton Gillies in Demolitions zone.
8:23 of 2nd period - Snap shot by Jeremy Welsh.
8:23 of 2nd period - Shot Misses the Net.
8:25 of 2nd period - Snap shot by Jeremy Welsh.
8:25 of 2nd period - Goal by Jeremy Welsh - Carnivores : 2 - Demolitions : 0.
8:26 of 2nd period - Spencer Machacek wins face-off versus Markus Granlund in neutral zone.
8:31 of 2nd period - Slapshot by Jonathan Blum.
8:31 of 2nd period - Stopped by Niklas Svedberg with a rebound.
8:33 of 2nd period - Slapshot by Jonathan Blum.
8:33 of 2nd period - Shot Misses the Net.
9:18 of 2nd period - Snap shot by Joel Armia.
9:18 of 2nd period - Stopped by Antti Raanta with a rebound.
9:20 of 2nd period - Wrist shot by Nicolas Kerdiles.
9:20 of 2nd period - Deflect By Joel Armia.
9:20 of 2nd period - Stopped by Antti Raanta with a rebound.
9:22 of 2nd period - Slapshot by Tony DeAngelo.
9:22 of 2nd period - Deflect By Jared Staal.
9:22 of 2nd period - Stopped by Antti Raanta without a rebound.
9:23 of 2nd period - Chris Lawrence wins face-off versus Lane MacDermid in Demolitions zone.
9:39 of 2nd period - Icing by David Fischer.
9:40 of 2nd period - Andrej Nestrasil wins face-off versus Markus Granlund in Carnivores zone.
10:14 of 2nd period - Off-side.
10:15 of 2nd period - Andrej Nestrasil wins face-off versus Curtis Lazar in neutral zone.
10:18 of 2nd period - Wrist shot by Joshua Leivo.
10:18 of 2nd period - Shot Misses the Net.
10:20 of 2nd period - Slapshot by Andrej Nestrasil.
10:20 of 2nd period - Shot Misses the Net.
10:22 of 2nd period - Slapshot by Robert Bortuzzo.
10:22 of 2nd period - Deflect By J.T. Brown.
10:22 of 2nd period - Shot Misses the Net.
10:22 of 2nd period - Puck is out of play.
10:23 of 2nd period - Andrej Nestrasil wins face-off versus Joel Armia in Carnivores zone.
10:26 of 2nd period - Wrist shot by Joshua Leivo.
10:26 of 2nd period - Goal by Joshua Leivo - Carnivores : 2 - Demolitions : 1.
10:27 of 2nd period - Markus Granlund wins face-off versus Colton Gillies in neutral zone.
10:42 of 2nd period - Snap shot by Markus Granlund.
10:42 of 2nd period - Shot Blocked by Lane MacDermid.
11:34 of 2nd period - Off-side.
11:35 of 2nd period - Nick Shore wins face-off versus Curtis Lazar in neutral zone.
11:42 of 2nd period - Snap shot by Aaron Palushaj.
11:42 of 2nd period - Shot Misses the Net.
11:44 of 2nd period - Wrist shot by Robert Bortuzzo.
11:44 of 2nd period - Shot Misses the Net.
11:48 of 2nd period - Snap shot by Alex Hutchings.
11:48 of 2nd period - Stopped by Niklas Svedberg without a rebound.
11:49 of 2nd period - Markus Granlund wins face-off versus Colton Gillies in Carnivores zone.
11:54 of 2nd period - Wrist shot by Chris Lawrence.
11:54 of 2nd period - Shot Misses the Net.
12:14 of 2nd period - Nick Pryor is hit by Mat Clark and loses puck.
12:23 of 2nd period - Wrist shot by Jeremy Welsh.
12:23 of 2nd period - Shot Blocked by Taylor Aronson.
12:25 of 2nd period - Backhand shot by Jeremy Welsh.
12:25 of 2nd period - Shot Misses the Net.
12:31 of 2nd period - Minor Penalty to Joshua Leivo for Holding.
12:32 of 2nd period - Markus Granlund wins face-off versus Spencer Machacek in Demolitions zone.
13:43 of 2nd period - Mat Clark is hit by Colton Gillies and loses puck.
14:31 of 2nd period - Penalty to Joshua Leivo is over, Joshua Leivo is back on ice.
14:38 of 2nd period - Robert Bortuzzo is hit by Lucas Wallmark and loses puck.
14:59 of 2nd period - J.T. Brown is hit by Mattias Backman and loses puck.
15:12 of 2nd period - Snap shot by Joshua Leivo.
15:12 of 2nd period - Shot Blocked by T.J Brodie.
15:18 of 2nd period - Nikita Tryamkin is hit by Lucas Wallmark and loses puck.
15:25 of 2nd period - Slapshot by Hunter Shinkaruk.
15:25 of 2nd period - Shot Blocked by Robert Bortuzzo.
15:41 of 2nd period - Slapshot by J.T. Brown.
15:41 of 2nd period - Deflect By Joshua Leivo.
15:41 of 2nd period - Stopped by Niklas Svedberg with a rebound.
15:49 of 2nd period - Slapshot by J.T. Brown.
15:49 of 2nd period - Deflect By Joshua Leivo.
15:49 of 2nd period - Shot Misses the Net.
15:49 of 2nd period - Puck is out of play.
15:50 of 2nd period - Phil McRae wins face-off versus Markus Granlund in Carnivores zone.
15:51 of 2nd period - Slapshot by Jonathan Blum.
15:51 of 2nd period - Shot Blocked by Blake Geoffrion.
17:47 of 2nd period - Minor Penalty to Mat Clark for Hooking.
17:48 of 2nd period - Colton Gillies wins face-off versus Chris Lawrence in Carnivores zone.
18:18 of 2nd period - Slapshot by Jonathan Blum.
18:18 of 2nd period - Stopped by Niklas Svedberg with a rebound.
19:47 of 2nd period - Penalty to Mat Clark is over, Mat Clark is back on ice.
19:58 of 2nd period - Wrist shot by Anton Gustafsson.
19:58 of 2nd period - Deflect By Mark McNeill.
19:58 of 2nd period - Shot Misses the Net.
19:58 of 2nd period - Puck is out of play.
19:59 of 2nd period - Lucas Wallmark wins face-off versus Phil McRae in Demolitions zone.
Goals for this period are 1 for Carnivores vs 1 for Demolitions.
Shots for this period are 7 for Carnivores vs 10 for Demolitions.
3rd period
0:01 of 3rd period - Markus Granlund wins face-off versus Colton Gillies in neutral zone.
0:03 of 3rd period - Off-side.
0:04 of 3rd period - Colton Gillies wins face-off versus Markus Granlund in neutral zone.
0:07 of 3rd period - Snap shot by Jonathan Blum.
0:07 of 3rd period - Shot Blocked by Chris Lawrence.
0:09 of 3rd period - Slapshot by Jake Muzzin.
0:09 of 3rd period - Stopped by Niklas Svedberg with a rebound.
0:11 of 3rd period - Wrist shot by Colton Gillies.
0:11 of 3rd period - Shot Blocked by Markus Granlund.
0:13 of 3rd period - Wrist shot by Spencer Machacek.
0:13 of 3rd period - Shot Misses the Net.
0:35 of 3rd period - Snap shot by Anton Gustafsson.
0:35 of 3rd period - Stopped by Antti Raanta with a rebound.
0:37 of 3rd period - Snap shot by Tony DeAngelo.
0:37 of 3rd period - Stopped by Antti Raanta with a rebound.
0:39 of 3rd period - Slapshot by Tony DeAngelo.
0:39 of 3rd period - Shot Misses the Net.
0:49 of 3rd period - Nicolas Kerdiles is hit by Phil Di Giuseppe and loses puck.
0:53 of 3rd period - Icing by Curtis Lazar.
0:54 of 3rd period - Curtis Lazar wins face-off versus Phil McRae in Carnivores zone.
0:54 of 3rd period - Curtis Lazar is hit by Nikita Tryamkin.
1:00 of 3rd period - Slapshot by T.J Brodie.
1:00 of 3rd period - Shot Misses the Net.
1:02 of 3rd period - Slapshot by T.J Brodie.
1:02 of 3rd period - Stopped by Antti Raanta with a rebound.
1:04 of 3rd period - Snap shot by Nicolas Kerdiles.
1:04 of 3rd period - Shot Misses the Net.
1:06 of 3rd period - Snap shot by Nicolas Kerdiles.
1:06 of 3rd period - Stopped by Antti Raanta without a rebound.
1:07 of 3rd period - Markus Granlund wins face-off versus Colton Gillies in Demolitions zone.
1:18 of 3rd period - Wrist shot by Spencer Machacek.
1:18 of 3rd period - Shot Misses the Net.
1:20 of 3rd period - Slapshot by Lane MacDermid.
1:20 of 3rd period - Goal by Lane MacDermid - Carnivores : 2 - Demolitions : 2.
1:21 of 3rd period - Markus Granlund wins face-off versus Colton Gillies in neutral zone.
1:23 of 3rd period - Mat Clark is hit by Jonathan Blum and loses puck.
1:32 of 3rd period - Wrist shot by Lane MacDermid.
1:32 of 3rd period - Stopped by Niklas Svedberg without a rebound.
1:33 of 3rd period - Colton Gillies wins face-off versus Markus Granlund in Carnivores zone.
1:48 of 3rd period - Snap shot by Spencer Machacek.
1:48 of 3rd period - Deflect By Lane MacDermid.
1:48 of 3rd period - Stopped by Niklas Svedberg without a rebound.
1:49 of 3rd period - Anton Gustafsson wins face-off versus Andrej Nestrasil in Carnivores zone.
2:00 of 3rd period - Wrist shot by Anton Gustafsson.
2:00 of 3rd period - Stopped by Antti Raanta without a rebound.
2:01 of 3rd period - Colton Gillies wins face-off versus Markus Granlund in Demolitions zone.
2:14 of 3rd period - Jonathan Blum is hit by Blake Geoffrion and loses puck.
2:58 of 3rd period - Jared Staal is hit by Joel Armia and loses puck.
3:27 of 3rd period - Slapshot by T.J Brodie.
3:27 of 3rd period - Stopped by Antti Raanta with a rebound.
3:29 of 3rd period - Slapshot by Nicolas Kerdiles.
3:29 of 3rd period - Deflect By Joel Armia.
3:29 of 3rd period - Stopped by Antti Raanta with a rebound.
3:31 of 3rd period - Slapshot by David Fischer.
3:31 of 3rd period - Deflect By Phil McRae.
3:31 of 3rd period - Stopped by Antti Raanta without a rebound.
3:32 of 3rd period - Markus Granlund wins face-off versus Colton Gillies in Demolitions zone.
3:39 of 3rd period - Snap shot by Chris Lawrence.
3:39 of 3rd period - Shot Misses the Net.
4:23 of 3rd period - Aaron Palushaj is hit by Riley Barber and loses puck.
4:43 of 3rd period - Wrist shot by Lane MacDermid.
4:43 of 3rd period - Shot Misses the Net.
4:45 of 3rd period - Snap shot by Lane MacDermid.
4:45 of 3rd period - Shot Blocked by Tony DeAngelo.
4:55 of 3rd period - Backhand shot by Jonathan Blum.
4:55 of 3rd period - Shot Blocked by Jeremy Welsh.
4:57 of 3rd period - Snap shot by Phil McRae.
4:57 of 3rd period - Shot Blocked by Mat Clark.
4:59 of 3rd period - Snap shot by Jared Staal.
4:59 of 3rd period - Shot Misses the Net.
5:01 of 3rd period - Slapshot by Nikita Tryamkin.
5:01 of 3rd period - Shot Misses the Net.
5:03 of 3rd period - Slapshot by Robert Bortuzzo.
5:03 of 3rd period - Stopped by Niklas Svedberg with a rebound.
5:05 of 3rd period - Snap shot by Phil McRae.
5:05 of 3rd period - Stopped by Niklas Svedberg with a rebound.
5:44 of 3rd period - Nick Shore is hit by Lucas Wallmark and loses puck.
5:57 of 3rd period - David Fischer is hit by Colton Gillies.
6:25 of 3rd period - Slapshot by Jonathan Blum.
6:25 of 3rd period - Stopped by Niklas Svedberg with a rebound.
6:47 of 3rd period - Anton Gustafsson is hit by J.T. Brown and loses puck.
7:04 of 3rd period - Slapshot by T.J Brodie.
7:04 of 3rd period - Shot Misses the Net.
7:06 of 3rd period - Slapshot by David Fischer.
7:06 of 3rd period - Stopped by Antti Raanta without a rebound.
7:07 of 3rd period - Phil McRae wins face-off versus Markus Granlund in Demolitions zone.
7:32 of 3rd period - Spencer Machacek is hit by Jeremy Welsh and loses puck.
7:42 of 3rd period - Wrist shot by Nick Pryor.
7:42 of 3rd period - Goal by Nick Pryor - Carnivores : 2 - Demolitions : 3.
7:43 of 3rd period - Markus Granlund wins face-off versus Colton Gillies in neutral zone.
7:51 of 3rd period - Slapshot by Chris Lawrence.
7:51 of 3rd period - Goal by Chris Lawrence - Carnivores : 3 - Demolitions : 3.
7:52 of 3rd period - Markus Granlund wins face-off versus Colton Gillies in neutral zone.
8:01 of 3rd period - Wrist shot by Markus Granlund.
8:01 of 3rd period - Stopped by Antti Raanta without a rebound.
8:02 of 3rd period - Markus Granlund wins face-off versus Colton Gillies in Demolitions zone.
8:09 of 3rd period - Snap shot by Blake Geoffrion.
8:09 of 3rd period - Shot Misses the Net.
8:11 of 3rd period - Slapshot by Chris Lawrence.
8:11 of 3rd period - Shot Misses the Net.
8:21 of 3rd period - Snap shot by Blake Geoffrion.
8:21 of 3rd period - Stopped by Antti Raanta with a rebound.
8:23 of 3rd period - Slapshot by Chris Lawrence.
8:23 of 3rd period - Shot Blocked by Jake Muzzin.
8:27 of 3rd period - Wrist shot by Blake Geoffrion.
8:27 of 3rd period - Shot Blocked by Jake Muzzin.
8:35 of 3rd period - Snap shot by Blake Geoffrion.
8:35 of 3rd period - Goal by Blake Geoffrion - Carnivores : 4 - Demolitions : 3.
8:36 of 3rd period - Anton Gustafsson wins face-off versus Andrej Nestrasil in neutral zone.
8:57 of 3rd period - Minor Penalty to Andrej Nestrasil for Tripping.
8:58 of 3rd period - Spencer Machacek wins face-off versus Markus Granlund in Demolitions zone.
10:57 of 3rd period - Penalty to Andrej Nestrasil is over, Andrej Nestrasil is back on ice.
11:00 of 3rd period - Icing by Alex Hutchings.
11:01 of 3rd period - Lucas Wallmark wins face-off versus Phil McRae in Demolitions zone.
11:11 of 3rd period - Off-side.
11:12 of 3rd period - Colton Gillies wins face-off versus Anton Gustafsson in neutral zone.
11:23 of 3rd period - Wrist shot by Spencer Machacek.
11:23 of 3rd period - Shot Blocked by Mattias Backman.
11:25 of 3rd period - Snap shot by Spencer Machacek.
11:25 of 3rd period - Deflect By Colton Gillies.
11:25 of 3rd period - Shot Misses the Net.
11:25 of 3rd period - Puck is out of play.
11:26 of 3rd period - Colton Gillies wins face-off versus Markus Granlund in Carnivores zone.
11:37 of 3rd period - Snap shot by Spencer Machacek.
11:37 of 3rd period - Stopped by Niklas Svedberg without a rebound.
11:38 of 3rd period - Markus Granlund wins face-off versus Colton Gillies in Carnivores zone.
12:03 of 3rd period - J.T. Brown is hit by Anton Gustafsson and loses puck.
13:12 of 3rd period - Off-side.
13:13 of 3rd period - Anton Gustafsson wins face-off versus Andrej Nestrasil in neutral zone.
13:30 of 3rd period - J.T. Brown is hit by Mark McNeill and loses puck.
14:38 of 3rd period - Andrej Nestrasil is hit by Hunter Shinkaruk and loses puck.
15:33 of 3rd period - David Fischer is hit by Alex Hutchings and loses puck.
15:52 of 3rd period - Wrist shot by Lane MacDermid.
15:52 of 3rd period - Goal by Lane MacDermid - Carnivores : 4 - Demolitions : 4.
15:53 of 3rd period - Markus Granlund wins face-off versus Colton Gillies in neutral zone.
15:56 of 3rd period - Wrist shot by Chris Lawrence.
15:56 of 3rd period - Stopped by Antti Raanta without a rebound.
15:57 of 3rd period - Markus Granlund wins face-off versus Colton Gillies in Demolitions zone.
16:29 of 3rd period - Minor Penalty to Mat Clark for Goalie Interference.
16:30 of 3rd period - Colton Gillies wins face-off versus Chris Lawrence in Carnivores zone.
16:43 of 3rd period - Slapshot by Spencer Machacek.
16:43 of 3rd period - Stopped by Niklas Svedberg without a rebound.
16:44 of 3rd period - Chris Lawrence wins face-off versus Colton Gillies in Carnivores zone.
16:44 of 3rd period - Chris Lawrence is hit by Spencer Machacek.
17:00 of 3rd period - Wrist shot by Lane MacDermid.
17:00 of 3rd period - Goal by Lane MacDermid - Carnivores : 4 - Demolitions : 5.
17:01 of 3rd period - Phil McRae wins face-off versus Curtis Lazar in neutral zone.
17:04 of 3rd period - Slapshot by Jonathan Blum.
17:04 of 3rd period - Deflect By Nicolas Kerdiles.
17:04 of 3rd period - Stopped by Niklas Svedberg without a rebound.
17:05 of 3rd period - Curtis Lazar wins face-off versus Jared Staal in Carnivores zone.
17:05 of 3rd period - Curtis Lazar is hit by Jared Staal.
17:13 of 3rd period - Slapshot by Mat Clark.
17:13 of 3rd period - Shot Blocked by Jake Muzzin.
17:15 of 3rd period - Wrist shot by Joel Armia.
17:15 of 3rd period - Shot Blocked by Jake Muzzin.
17:17 of 3rd period - Slapshot by Tony DeAngelo.
17:17 of 3rd period - Stopped by Antti Raanta with a rebound.
18:07 of 3rd period - David Fischer is hit by Jake Muzzin and loses puck.
18:16 of 3rd period - Minor Penalty to Jonathan Blum for Boarding.
18:17 of 3rd period - Spencer Machacek wins face-off versus Markus Granlund in Demolitions zone.
19:44 of 3rd period - Icing by Tony DeAngelo.
19:45 of 3rd period - Spencer Machacek wins face-off versus Anton Gustafsson in Carnivores zone.
19:46 of 3rd period - Slapshot by Nikita Tryamkin.
19:46 of 3rd period - Stopped by Niklas Svedberg without a rebound.
19:47 of 3rd period - Wayne Gretzky call a timeout for Carnivores.
19:47 of 3rd period - Spencer Machacek wins face-off versus Chris Lawrence in Carnivores zone.
19:56 of 3rd period - Carnivores, Niklas Svedberg is pulled from the net.
Goals for this period are 2 for Carnivores vs 4 for Demolitions.
Shots for this period are 15 for Carnivores vs 14 for Demolitions.
Back to the Top